 Dungeon Crawl Stone Soup version 0.31-a0-105-gc0b45f0da6 (webtiles) character file.

Game seed: 8630679358473468024

1821446 Kenran the Conqueror (level 27, 273/273 HPs)
             Began as a Minotaur Monk on May 27, 2023.
             Was a Follower of Uskayaw.
             Escaped with the Orb
             ... and 3 runes!
             The game lasted 01:44:44 (61234 turns).

Kenran the Conqueror (Minotaur Monk)               Turns: 61234, Time: 01:44:45

Health: 273/273    AC: 50    Str: 22    XL:     27
Magic:  55/55      EV: 20    Int: 13    God:    Uskayaw [*.....]
Gold:   5072       SH:  0    Dex: 28    Spells: 26/26 levels left

rFire   + + .        a - +7 triple sword (vamp)
rCold   + . .        (shield currently unavailable)
rNeg    + + .        A - +8 gold dragon scales
rPois   +            f - +5 hat of Vuneliesish {rN+}
rElec   .            K - +1 cloak
rCorr   +            S - +0 pair of gloves {Dex+3}
SInv    .            w - +3 pair of seven-league boots {Rampage+∞}
Will    ++++.        d - amulet "Ypyimepn" {Spirit rF+ rN+ MP+9 Str+4} Stlth
                     P - ring "Hoanielo" {Will+ rCorr Int+6}
HPRegen 0.65/turn    O - ring of Conversion {Will+ MP+9 Slay+4}
MPRegen 0.34/turn

%: guardian spirit, rampage+∞
@: no status effects
A: horns 2, retaliatory headbutt, inability to read after injury 1
0: Orb of Zot
}: 3/15 runes: decaying, serpentine, silver
a: Renounce Religion, Stomp


You escaped.
You worshipped Uskayaw.
Uskayaw was greatly pleased with you.
You visited 10 branches of the dungeon, and saw 48 of its levels.
You visited the Abyss 2 times.

You collected 8983 gold pieces.
You spent 3911 gold pieces at shops.

Inventory:

Hand Weapons
 a - a +7 vampiric triple sword (weapon)
 b - the +7 great sword of the Brain {freeze, rPois rC+ Will+ Str+3 Stlth-}
   (You took it off a deep elf elementalist on level 3 of the Elven Halls)

   Str:       It affects your strength (+3).
   rC:        It protects you from cold.
   rPois:     It protects you from poison.
   Will:      It increases your willpower.
   Stlth:     It makes you less stealthy.
Missiles
 D - 2 throwing nets (quivered)
Armour
 f - the +5 hat of Vuneliesish (worn) {rN+}
   (You acquired it on level 2 of the Dungeon)

   rN:        It protects you from negative energy.
 w - the +3 pair of seven-league boots (worn) {Rampage+∞}
   (You found it on level 1 of the Swamp)

   Rampage+∞: When moving toward enemies, its wearer moves as far as possible,
   alerting their target en route.
 A - +8 gold dragon scales (worn)
 K - a +1 cloak (worn)
 S - a +0 pair of gloves of dexterity (worn)
Jewellery
 d - the amulet "Ypyimepn" (around neck) {Spirit rF+ rN+ MP+9 Str+4}
   (You took it off a spriggan druid on level 4 of the Swamp)

   [amulet of guardian spirit]

   It causes incoming damage to be divided between your reserves of health and
   magic.
   Str:       It affects your strength (+4).
   rF:        It protects you from fire.
   rN:        It protects you from negative energy.
   MP:        It affects your magic capacity (+9).
 x - the ring "Kieheo" {rN+ EV+5 Dex+2}
   (You took it off a deep elf elementalist on level 3 of the Elven Halls)

   [ring of evasion]

   EV:        It affects your evasion (+5).
   Dex:       It affects your dexterity (+2).
   rN:        It protects you from negative energy.
 O - the ring of Conversion (right hand) {Will+ MP+9 Slay+4}
   (You found it on level 3 of the Vaults)

   [ring of slaying]

   Slay:      It affects your accuracy & damage with ranged weapons and melee
   (+4).
   MP:        It affects your magic capacity (+9).
   Will:      It increases your willpower.
 P - the ring "Hoanielo" (left hand) {Will+ rCorr Int+6}
   (You found it on level 2 of the Snake Pit)

   [ring of intelligence]

   Int:       It affects your intelligence (+6).
   rCorr:     It protects you from acid and corrosion.
   Will:      It increases your willpower.
 W - a ring of protection from fire
Wands
 l - a wand of roots (45)
 n - a wand of light (34)
 q - a wand of polymorph (34)
 y - a wand of digging (5)
 B - a wand of paralysis (53)
 G - a wand of flame (126)
 Y - a wand of mindburst (36)
Scrolls
 h - 7 scrolls of vulnerability {!r}
 k - 5 scrolls of blinking
 m - 12 scrolls of poison {!r}
 o - 5 scrolls of butterflies
 p - 6 scrolls of fog
 r - 5 scrolls of silence
 C - 10 scrolls of magic mapping
 F - 7 scrolls of fear
 H - a scroll of enchant weapon
 I - 17 scrolls of teleportation
Potions
 c - a potion of haste
 e - 5 potions of lignification {!q}
 g - 6 potions of brilliance
 s - 10 potions of mutation {!q}
 t - 2 potions of cancellation
 u - 9 potions of attraction {!q}
 v - 7 potions of invisibility
 z - 9 potions of degeneration {!q}
 E - 7 potions of ambrosia
 L - 5 potions of berserk rage {!q}
 M - 17 potions of curing {@q1}
 Q - a potion of magic
 R - 4 potions of resistance
 T - 3 potions of enlightenment
 U - 2 potions of might
 Z - 3 potions of heal wounds {@q2}
Miscellaneous
 i - a piece from Xom's chessboard (15/15)
 j - a phial of floods
 V - a lightning rod (4/4)
 X - a phantom mirror (inert)


   Skills:
 O Level 27 Fighting
 - Level 22.0 Long Blades
 - Level 11.0 Polearms
 O Level 27 Armour
 + Level 21.1 Dodging
 + Level 22.0 Invocations
 - Level 17.0 Evocations


You had 26 spell levels left.
You didn't know any spells.
Your spell library contained the following spells:

 Spells                   Type           Power      Damage    Failure   Level
 Beastly Appendage        Tmut           0%         N/A       95%         1
 Freeze                   Ice            0%         1d3       95%         1
 Magic Dart               Conj           0%         1d3       95%         1
 Summon Small Mammal      Summ           0%         N/A       95%         1
 Blink                    Tloc           0%         N/A       99%         2
 Cigotuvi's Dreadful Rot  Necr/Pois/Air  0%         N/A       99%         2
 Ensorcelled Hibernation  Hex/Ice        0%         N/A       99%         2
 Passwall                 Tmut/Erth      0%         N/A       99%         2
 Poisonous Vapours        Pois/Air       0%         N/A       99%         2
 Scorch                   Fire           0%         2d5       99%         2
 Searing Ray              Conj           0%         2d4       99%         2
 Static Discharge         Conj/Air       0%         2-2/arc   99%         2
 Sublimation of Blood     Necr           0%         N/A       99%         2
 Wereblood                Tmut           0%         N/A       99%         2
 Call Canine Familiar     Summ           0%         N/A       100%        3
 Frozen Ramparts          Ice            0%         1d1       100%        3
 Hailstorm                Conj/Ice       0%         3d3       100%        3
 Inner Flame              Hex/Fire       0%         N/A       100%        3
 Portal Projectile        Hex/Tloc       0%         N/A       100%        3
 Spider Form              Tmut/Pois      0%         N/A       100%        3
 Summon Guardian Golem    Hex/Summ       0%         N/A       100%        3
 Swiftness                Air            0%         N/A       100%        3
 Tukima's Dance           Hex            0%         N/A       100%        3
 Vhi's Electric Charge    Tloc/Air       0%         N/A       100%        3
 Volatile Blastmotes      Fire/Tloc      0%         2d10      100%        3
 Airstrike                Air            0%         2d(0-16)  100%        4
 Anguish                  Hex/Necr       0%         N/A       100%        4
 Cause Fear               Hex            0%         N/A       100%        4
 Dispel Undead            Necr           0%         3d6       100%        4
 Flame Wave               Conj/Fire      0%         2d4       100%        4
 Fulminant Prism          Conj/Hex       0%         3d5       100%        4
 Ice Form                 Ice/Tmut       0%         N/A       100%        4
 Iskenderun's Mystic Bla  Conj/Tloc      0%         2d3       100%        4
 Leda's Liquefaction      Hex/Erth       0%         N/A       100%        4
 Manifold Assault         Tloc           0%         N/A       100%        4
 Passage of Golubria      Tloc           0%         N/A       100%        4
 Petrify                  Tmut/Erth      0%         N/A       100%        4
 Sticky Flame             Conj/Fire      0%         2d3       100%        4
 Summon Lightning Spire   Summ/Air       0%         N/A       100%        4
 Arcjolt                  Conj/Air       0%         1d10      100%        5
 Blade Hands              Tmut           0%         N/A       100%        5
 Irradiate                Conj/Tmut      0%         3d11      100%        5
 Iskenderun's Battlesphe  Conj           0%         2d6       100%        5
 Lee's Rapid Deconstruct  Erth           0%         3d4*      100%        5
 Metabolic Englaciation   Hex/Ice        0%         N/A       100%        5
 Silence                  Hex/Air        0%         N/A       100%        5
 Yara's Violent Unravell  Hex/Tmut       0%         3d3       100%        5
 Conjure Ball Lightning   Conj/Air       0%         3x3d6     100%        6
 Death Channel            Necr           0%         N/A       100%        6
 Dispersal                Tloc           0%         N/A       100%        6
 Eringya's Noxious Bog    Tmut/Pois      0%         N/A       100%        6
 Leda's Unmaking          Conj/Erth      0%         9d1       100%        6
 Plasma Beam              Fire/Air       0%         2x1d11    100%        6
 Simulacrum               Ice/Necr       0%         N/A       100%        6
 Starburst                Conj/Fire      0%         6d3       100%        6
 Statue Form              Tmut/Erth      0%         N/A       100%        6
 Summon Cactus Giant      Summ           0%         N/A       100%        6
 Dragon Form              Tmut           0%         N/A       100%        7
 Spellforged Servitor     Conj/Summ      0%         N/A       100%        7
 Storm Form               Tmut/Air       0%         N/A       100%        7
 Summon Hydra             Summ           0%         N/A       100%        7
 Discord                  Hex            0%         N/A       100%        8
 Disjunction              Tloc           0%         N/A       100%        8
 Lehudib's Crystal Spear  Conj/Erth      0%         10d2      100%        8
 Chain Lightning          Conj/Air       0%         N/A       100%        9
 Dragon's Call            Summ           0%         N/A       100%        9
 Fire Storm               Conj/Fire      0%         5d1       100%        9
 Shatter                  Erth           0%         3d5*      100%        9


Dungeon Overview and Level Annotations

Branches:
Dungeon (15/15)            Temple (0/1) D:7            Lair (5/5) D:9
  Swamp (4/4) Lair:3        Snake (4/4) Lair:3        Slime (0/5) Lair:5
    Orc (2/2) D:12            Elf (3/3) Orc:2        Vaults (5/5) D:14
  Crypt (0/3) Vaults:3     Depths (4/4) D:15           Hell (visited)
    Zot (5/5) Depths:4
    Dis: Hell:1         Geh: Hell:1         Coc: Hell:1         Tar: Hell:1

Altars:
Elyvilon
Fedhas
Nemelex Xobeh
Okawaru
Uskayaw
Wu Jian
Yredelemnul
Lugonu

Shops:
D:5 :   D:6 :?   D:7 :   Orc:2 =[*(*   Elf:2 (   Elf:3 :[(*=!   Swamp:3 *
Snake:2 *   Snake:4 [   Depths:2 *

Portals:
Hell: Depths:1 Depths:2 Depths:3 Depths:4
Abyss: Lair:5 Depths:1 Depths:2 Depths:3 Depths:4
Pandemonium: Depths:2
Ziggurat: Depths:3
Trove: D:10 (give +2 gold dragon scales)

Annotations:
D:3 1 runed translucent door
D:14 3 runed translucent doors, Cexzouc's ghost, journeyman MiBe
Swamp:2 2 transporters, Gaskiar's ghost, adept FoHu
Depths:3 exclusions: daeva, stone giant and 2 more exclusions
Hell Geryon


Innate Abilities, Weirdness & Mutations

You have a pair of horns on your head.
You reflexively headbutt those who attack you in melee.
You occasionally lose the ability to read scrolls when taking damage.


Message History

You climb upwards.
There is a stone staircase leading down here.
There is a stone staircase leading up here.
You climb upwards.
There is a stone staircase leading down here.
There is a stone staircase leading up here.
You climb upwards.
There is a stone staircase leading down here.
HP restored.
A rust devil comes into view.
You stride towards the rust devil!
You closely miss the rust devil. You slice the rust devil!!
You headbutt the rust devil.
The rust devil is severely wounded.
You slash the rust devil!
You kill the rust devil!
There is a stone staircase leading up here.
You climb upwards.
There is a stone staircase leading down here.
There is an open door here.
You see here a +0 short sword.
Things that are here:
a +0 ring mail; a +0 club
There is a stone staircase leading up here.
You climb upwards.
There is a stone staircase leading down here.
There is an escape hatch in the ceiling here.
Really go through this one-way escape hatch?
A mysterious force pulls you upwards. The hatch slams shut behind you.
Level annotation: 1 runed translucent door
There is a stone staircase leading up here.
You climb upwards.
There is a stone staircase leading down here.
You see here a +0 club.
There is a stone staircase leading up here.
You climb upwards.
There is a stone staircase leading down here.
Things that are here:
a +0 short sword; a +0 short sword
There is a staircase leading out of the dungeon here.
You have escaped!

#.# #.# #.#.#»#.#........# #.#
#.# #.#.###.#........# #### #.#
#.# #....#...[.......# #...
#.###.# #...###..........# #.##
......# #.### ###........# #.#
#.#######..## ##.#....#.#####.#
..........#.# ##»..............##
#.####.#..»## #.#.##..##.........
#.# #...#.## ##@.##..###########
#.###.#.#.### ###.##.............
#.#...#.....###...##.###.........
#...###......#....##.###.#.#.####
###...#...#.###.#.##.............
###.#...#.#»#.#.######.#.#.####
#.............# #.....# ##
##......#####.# ###.#####.
#.###### #># #.##....


There were no monsters in sight!

Vanquished Creatures
  7 dread liches
  8 orbs of fire
  6 ancient liches
  A juggernaut (Depths:4)
  Boris (Depths:2)
  Frederick (Vaults:3)
  6 Killer Klowns
  3 curse toes
  Xtahua (Depths:3)
  2 caustic shrikes (Depths:3)
  13 golden dragons
  Nikola (Lair:3)
  A bone dragon (Vaults:3)
  A profane servitor (Zot:1)
  Jory (Depths:4)
  2 electric golems (Zot:5)
  An Ice Fiend (D:13)
  17 tentacled monstrosities
  3 Hell Sentinels
  2 walking earthen tomes (Depths:3)
  4 deep elf master archers (Elf:3)
  2 walking crystal tomes (Depths:3)
  Mlioglotl (Snake:3)
  3 liches
  A walking frostbound tome (Depths:4)
  9 titans
  3 deep elf blademasters
  28 Orb Guardians
  3 quicksilver dragons
  The ghost of nujazz the Thaumaturge, an adept DsVM of Vehumet (Swamp:1)
  3 tentacled starspawn (Abyss:3)
  12 death cobs
  16 storm dragons
  4 sphinxes
  13 shadow dragons
  A daeva (Abyss:3)
  7 tengu reavers
  5 draconian monks
  4 nagarajas
  The ghost of Qadititt the Marksant, an adept FoHu of Okawaru (Swamp:1)
  2 thorn hunters (Swamp:4)
  14 fire giants
  3 draconian knights
  4 fenstrider witches (Swamp:4)
  4 iron dragons
  5 deep elf sorcerers
  7 ghost moths
  Louise (Snake:4)
  5 draconian scorchers
  The ghost of skelma the Marksoctopus, an adept OpHu of Hepliaklqana (Swamp:1)
  Aizul (Snake:2)
  22 vault wardens
  A balrug (D:13)
  10 frost giants
  A caustic shrike zombie (Depths:1)
  5 deep elf elementalists (Elf:3)
  3 draconian stormcallers
  An angel (Depths:1)
  19 stone giants
  2 draconian shifters
  24 ironbound preservers
  6 draconian annihilators
  An ophan (Abyss:3)
  2 war gargoyles (Vaults:5)
  3 formless jellyfish
  A ghoul (Swamp:4)
  2 spriggan defenders (Depths:3)
  2 eleionomae (Swamp:4)
  The ghost of Tyszek the Spear-Bearer, a journeyman MiFi of the Shining One (Swamp:1)
  4 vampire knights
  A reaper (D:13)
  26 very ugly things
  6 green draconians
  13 ironbound thunderhulks
  6 deep elf annihilators (Elf:3)
  9 purple draconians
  17 red draconians
  16 black draconians
  8 deep elf demonologists
  14 dire elephants
  6 white draconians
  4 yellow draconians
  4 bunyips
  10 spark wasps
  A blizzard demon (Swamp:4)
  10 ettins
  2 fire dragons (Depths:2)
  The ghost of kuniqs the Unseen, a journeyman FeSu of Jiyva (Swamp:1)
  3 jiangshi (Depths:4)
  5 deep elf death magi
  Josephine (D:13)
  A green death (Swamp:4)
  3 entropy weavers
  3 deep elf high priests
  5 great orbs of eyes
  A shambling mangrove (Swamp:4)
  A rakshasa (Depths:2)
  An entropy weaver (shapeshifter) (Abyss:3)
  Fannar (Lair:1)
  19 yaktaur captains
  A caustic shrike simulacrum (Depths:1)
  33 vault guards
  15 hydras
  A peacekeeper (Vaults:4)
  5 ice dragons
  A spriggan air mage (Depths:3)
  7 centaur warriors
  A hell beast (Depths:2)
  2 catoblepae
  4 salamander tyrants
  2 ogre magi
  13 two-headed ogres
  A two-headed ogre (shapeshifter) (Vaults:5)
  2 ghost crabs
  16 anacondas
  13 ironbound frosthearts
  4 boulder beetles
  34 dancing weapons
  8 death yaks
  5 deep troll shamans
  7 thrashing horrors
  6 deep troll earth magi
  5 tengu warriors
  A vampire mage (Depths:4)
  9 naga warriors
  13 alligators
  9 naga sharpshooters
  A spriggan berserker (Depths:3)
  4 orc high priests (Orc:2)
  16 spriggans
  10 shock serpents
  18 deep elf knights
  4 hell knights
  2 sun demons (D:13)
  8 salamander mystics
  4 sixfirhies
  A shadow wraith (Vaults:5)
  65 deep trolls
  2 sea snakes (Snake:3)
  A sea snake (shapeshifter) (Vaults:3)
  5 goliath frogs
  5 iron trolls
  8 spriggan druids
  8 naga ritualists
  3 death drakes (Swamp:4)
  6 swamp dragons
  8 deep elf archers
  13 bog bodies
  7 glowing orange brains
  14 wizards
  2 flayed ghosts (Depths:2)
  Pikel (D:7)
  4 harpies
  A lindwurm (shapeshifter) (Depths:2)
  11 lindwurms
  A harpy (shapeshifter) (Depths:2)
  2 large abominations
  6 phantasmal warriors
  11 orc knights
  27 deep elf zephyrmancers
  20 ironbound convokers
  4 necromancers
  10 will-o-the-wisps
  27 deep elf pyromancers
  19 mana vipers
  36 ugly things
  A sphinx skeleton (Depths:1)
  13 salamanders
  7 orc sorcerers
  3 cyclopes
  A manticore (D:14)
  31 moths of wrath
  8 guardian serpents
  9 elephants
  48 black mambas
  25 naga magi
  Maurice (D:8)
  3 rust devils
  4 smoke demons
  14 vault sentinels
  3 gargoyles
  2 orange demons
  55 yaktaurs
  4 efreet
  A hellion (D:11)
  11 cane toads
  3 rime drakes (Lair:5)
  2 unseen horrors (D:13)
  5 komodo dragons
  A spriggan skeleton (Depths:1)
  3 tengu conjurers
  2 freezing wraiths
  An ice devil (Depths:2)
  A red devil (Zot:4)
  2 ancient zymes (Lair:5)
  5 trolls
  2 hellwings (Swamp:4)
  A tengu simulacrum (Depths:1)
  A polar bear (shapeshifter) (Depths:3)
  A merfolk (shapeshifter) (Vaults:3)
  2 polar bears
  8 tyrant leeches
  A queen bee (Lair:1)
  13 hornets
  2 raiju (Abyss:3)
  12 blink frogs
  17 dream sheep (Lair:5)
  5 air elementals
  A culicivora (Vaults:2)
  24 slime creatures
  A culicivora (shapeshifter) (Abyss:3)
  5 wyverns
  A yak (shapeshifter) (Elf:3)
  2 vampires
  19 humans (D:14)
  3 water elementals
  7 wraiths
  11 small abominations
  3 ynoxinuls
  4 fire elementals
  38 yaks
  A human (shapeshifter) (Abyss:3)
  4 fire bats (Lair:3)
  2 steam dragons
  6 basilisks
  4 neqoxecs
  3 chaos spawn
  2 redbacks (Vaults:2)
  8 vampire mosquitoes
  Edmund (D:4)
  14 swamp worms
  8 wargs
  34 nagas
  2 swamp worms (shapeshifter)
  10 water moccasins
  2 acid dragons (D:12)
  3 floating eyes
  An ice beast (D:7)
  24 orc warriors
  A sky beast (D:7)
  3 swamp drakes (Swamp:1)
  2 black bears
  8 ogres
  8 wolves
  6 boggarts
  7 centaurs
  2 lemures (D:7)
  3 phantoms
  6 kobold brigands
  7 bullfrogs
  3 gnoll sergeants
  4 earth elementals
  6 scorpions
  18 wights
  40 killer bees
  2 howler monkeys
  3 lava snakes (Lair:3)
  7 electric eels
  5 hounds
  A quasit (Abyss:3)
  4 gnoll boudas
  12 orc priests
  7 jellies
  2 iron imps (Abyss:3)
  2 sleepcaps (D:6)
  5 iguanas
  20 orc wizards
  4 hell rats (D:9)
  8 ogre zombies (D:12)
  36 gnolls
  7 adders
  A white imp (D:7)
  A dart slug (D:5)
  48 orcs
  7 bats
  8 endoplasms
  8 giant cockroaches
  8 goblins
  5 hobgoblins
  6 jackals (D:5)
  3 quokkas
  11 ball pythons
  5 frilled lizards
  A goblin skeleton (D:12)
  A goblin zombie (D:12)
  A hobgoblin skeleton (D:12)
  5 hobgoblin zombies (D:12)
  34 kobolds
  4 orc skeletons (D:12)
  13 orc zombies (D:12)
  9 rats
  3 starspawn tentacles (Abyss:3)
2180 creatures vanquished.

Vanquished Creatures (collateral kills)
  A seraph (Depths:1)
1 creature vanquished.

Vanquished Creatures (others)
  A shadow dragon (Depths:3)
  A draconian knight (Zot:5)
  A dancing weapon (Elf:3)
  A naga sharpshooter (Snake:4)
  A deep elf knight (Elf:3)
  2 wizards
  A black mamba (Lair:3)
  A tengu conjurer (Depths:4)
  A bloated husk (Swamp:3)
  A small abomination (Abyss:3)
  A naga simulacrum (Abyss:3)
  2 orc wizards
  3 kobolds (D:7)
  44 foxfires
  2 starspawn tentacles (Abyss:3)
63 creatures vanquished.

Grand Total: 2244 creatures vanquished

Notes
Turn   | Place    | Note
-------+----------+-------------------------------------------
     0 | D:1      | Kenran the Minotaur Monk began the quest for the Orb.
     0 | D:1      | Reached XP level 1. HP: 19/19 MP: 0/0
   165 | D:1      | Found a faded altar of an unknown god.
   170 | D:1      | Reached XP level 2. HP: 26/26 MP: 1/1
   377 | D:1      | Reached skill level 5 in Long Blades
   525 | D:1      | Reached XP level 3. HP: 25/31 MP: 2/2
  1076 | D:2      | Reached XP level 4. HP: 36/39 MP: 3/3
  1358 | D:2      | Identified a scroll of acquirement
  1360 | D:2      | Acquired the +5 hat of Vuneliesish {rN+}
  1433 | D:3      | Found a runed translucent door.
  1433 | D:3      | Noticed a human
  1435 | D:3      | Found a basalt altar of Yredelemnul.
  1995 | D:4      | Found a hide-covered altar of Uskayaw.
  1998 | D:4      | Became a worshipper of Uskayaw the Reveller
  1998 | D:4      | Reached * piety under Uskayaw
  2083 | D:3      | Reached ** piety under Uskayaw
  2202 | D:4      | Reached XP level 5. HP: 41/45 MP: 4/4
  2206 | D:4      | Reached *** piety under Uskayaw
  2276 | D:4      | Noticed Edmund
  2314 | D:4      | Killed Edmund
  2315 | D:4      | Reached XP level 6. HP: 46/51 MP: 5/5
  2623 | D:4      | Reached **** piety under Uskayaw
  2954 | D:5      | Entered Level 5 of the Dungeon
  3058 | D:5      | Reached XP level 7. HP: 56/57 MP: 6/6
  3094 | D:5      | Reached skill level 10 in Long Blades
  3256 | D:5      | Reached skill level 5 in Fighting
  3575 | D:5      | Found Boiwuucw's Book Emporium.
  4038 | D:6      | Reached XP level 8. HP: 64/73 MP: 7/7
  4218 | D:6      | Reached skill level 1 in Armour
  4222 | D:6      | Reached skill level 1 in Invocations
  4645 | D:6      | Found Matyoh's Magic Scroll Boutique.
  4754 | D:6      | Reached ***** piety under Uskayaw
  4857 | D:6      | Found Ysocej's Book Boutique.
  5089 | D:7      | Reached XP level 9. HP: 81/81 MP: 10/10
  5114 | D:7      | Reached ****** piety under Uskayaw
  5154 | D:7      | Reached skill level 5 in Armour
  5444 | D:7      | Noticed Pikel
  5473 | D:7      | Killed Pikel
  5474 | D:7      | Reached skill level 5 in Invocations
  5669 | D:7      | Found Pacsi's Book Boutique.
  5930 | D:7      | Found a staircase to the Ecumenical Temple.
  6049 | D:7      | Found a sparkling altar of Nemelex Xobeh.
  6398 | D:7      | Reached skill level 10 in Fighting
  6480 | D:8      | Noticed Maurice
  6490 | D:8      | You fall into a shaft and drop 2 floors!
  6490 | D:10     | Entered Level 10 of the Dungeon
  6576 | D:10     | Reached XP level 10. HP: 70/93 MP: 12/12
  6595 | D:10     | Noticed a two-headed ogre
  6608 | D:10     | Killed a two-headed ogre
  6642 | D:10     | Found a blossoming altar of Fedhas.
  6679 | D:9      | Noticed a death yak
  6679 | D:9      | Noticed a death yak
  6764 | D:9      | Killed a death yak
  6821 | D:8      | Found a flagged portal.
  6822 | D:8      | Identified the +10 halberd "Fecamun" {pain, rF+ rC+}
  6876 | D:8      | Reached skill level 5 in Dodging
  7305 | D:8      | Killed Maurice
  7307 | D:8      | Reached XP level 11. HP: 88/104 MP: 13/13
  7753 | D:9      | Found a staircase to the Lair.
  8022 | D:9      | Noticed a two-headed ogre
  8032 | D:9      | Killed a two-headed ogre
  9087 | D:10     | Found a portal to a secret trove of treasure.
  9634 | D:11     | Noticed a two-headed ogre
  9786 | D:11     | Killed a two-headed ogre
  9966 | D:11     | Reached skill level 10 in Armour
 10136 | D:11     | Noticed a two-headed ogre
 10160 | D:11     | Killed a two-headed ogre
 10456 | D:11     | Noticed a centaur warrior
 10469 | D:11     | Killed a centaur warrior
 10517 | D:11     | Noticed a two-headed ogre
 10523 | D:11     | Killed a two-headed ogre
 10829 | Lair:1   | Entered Level 1 of the Lair of Beasts
 10998 | Lair:1   | Noticed Fannar
 11015 | Lair:1   | Reached XP level 12. HP: 88/112 MP: 14/14
 11023 | Lair:1   | Killed Fannar
 11501 | Lair:1   | Reached skill level 15 in Long Blades
 12269 | Lair:2   | Reached skill level 1 in Polearms
 12593 | Lair:1   | Reached skill level 5 in Polearms
 13238 | Lair:3   | Found a staircase to the Snake Pit.
 13662 | Lair:3   | You fall into a shaft and drop 1 floor!
 14140 | Lair:4   | Noticed a death yak
 14153 | Lair:4   | Noticed a death yak
 14154 | Lair:4   | Killed a death yak
 14154 | Lair:4   | Noticed a death yak
 14155 | Lair:4   | Reached skill level 10 in Polearms
 14161 | Lair:4   | Killed a death yak
 14162 | Lair:4   | Reached XP level 13. HP: 109/118 MP: 16/16
 15370 | Lair:3   | Found a staircase to the Swamp.
 15603 | Lair:3   | Reached skill level 15 in Fighting
 15603 | Lair:3   | Reached XP level 14. HP: 136/136 MP: 17/17
 15604 | Lair:3   | Reached XP level 15. HP: 143/143 MP: 17/20
 16126 | Lair:5   | Entered Level 5 of the Lair of Beasts
 16133 | Lair:5   | Found a staircase to the Slime Pits.
 16629 | Lair:5   | Reached skill level 10 in Invocations
 18399 | Lair:5   | Found a corrupted altar of Lugonu.
 18399 | Lair:5   | Found a one-way gate to the infinite horrors of the Abyss.
 18410 | Lair:5   | Identified the +5 war axe "Qokhlim" {flame, rElec Will+
                  | Stlth+}
 18787 | D:9      | Identified the +6 chain mail "Gomeusyr" {rF+ rN+}
 19211 | D:12     | Found a staircase to the Orcish Mines.
 19672 | D:13     | Found a white marble altar of Elyvilon.
 19713 | D:13     | Reached XP level 16. HP: 156/156 MP: 22/22
 19778 | D:13     | Noticed Josephine
 19786 | D:13     | Killed Josephine
 20455 | D:14     | Found a runed translucent gate.
 20455 | D:14     | Found a runed translucent gate.
 20455 | D:14     | Found a runed translucent gate.
 20468 | D:14     | Noticed Cexzouc's ghost (journeyman MiBe)
 20470 | D:14     | Identified the +0 robe of the Fisher {rC+ Dex-4 SInv}
 21008 | D:14     | Found a gate to the Vaults.
 21245 | D:14     | Found an iron altar of Okawaru.
 21267 | D:15     | Entered Level 15 of the Dungeon
 21647 | D:15     | Found a staircase to the Depths.
 22601 | Orc:1    | Entered Level 1 of the Orcish Mines
 22651 | Orc:1    | Paralysed by an orc sorcerer for 5 turns
 23088 | Orc:2    | Entered Level 2 of the Orcish Mines
 23088 | Orc:2    | Found Gamooph's Jewellery Emporium.
 23308 | Orc:2    | Found a staircase to the Elven Halls.
 23322 | Orc:2    | Found an iron altar of Okawaru.
 23626 | Orc:2    | Found Muav's Assorted Antiques.
 23890 | Orc:2    | Found Odoliz's Armour Emporium.
 24032 | Orc:2    | Found Qaremix's Antique Weapon Boutique.
 24032 | Orc:2    | Found Pyxag's General Store.
 24040 | Orc:2    | Bought an embroidered cloak for 180 gold pieces
 24042 | Orc:2    | Bought a triple sword for 190 gold pieces
 24062 | Orc:2    | Bought a scroll of teleportation for 36 gold pieces
 24269 | Orc:2    | Bought +0 gold dragon scales for 1120 gold pieces
 24497 | Snake:1  | Entered Level 1 of the Snake Pit
 24512 | Snake:1  | HP: 5/157 [naga mage/bolt of poison (8)]
 24601 | Snake:1  | Noticed Nikola
 24680 | Swamp:1  | Entered Level 1 of the Swamp
 24990 | Swamp:1  | Reached XP level 17. HP: 98/163 MP: 19/25
 25253 | Swamp:1  | Found a runed translucent gate.
 25259 | Swamp:1  | Found a runed translucent gate.
 25259 | Swamp:1  | Found a runed translucent gate.
 25261 | Swamp:1  | Noticed nujazz's ghost (adept DsVM)
 25261 | Swamp:1  | Noticed skelma's ghost (adept OpHu)
 25261 | Swamp:1  | Noticed Qadititt's ghost (adept FoHu)
 25262 | Swamp:1  | Noticed kuniqs's ghost (journeyman FeSu)
 25262 | Swamp:1  | Noticed Tyszek's ghost (journeyman MiFi)
 25262 | Swamp:1  | Found the +3 pair of seven-league boots {Rampage+∞}
 25702 | Swamp:2  | You fall into a shaft and drop 1 floor!
 25702 | Swamp:3  | Found Nomit's Island Escapes.
 25705 | Swamp:3  | Bought 2 scrolls of blinking for 180 gold pieces
 25705 | Swamp:3  | Bought a scroll of teleportation for 36 gold pieces
 25705 | Swamp:3  | Bought a scroll of blinking for 90 gold pieces
 25743 | Swamp:2  | Noticed a tentacled monstrosity
 25753 | Swamp:2  | Noticed Gaskiar's ghost (adept FoHu)
 25758 | Swamp:2  | Noticed a tentacled monstrosity
 25774 | Swamp:2  | Found a transporter.
 25780 | Swamp:2  | Found a transporter.
 26526 | Swamp:3  | Noticed a tentacled monstrosity
 26536 | Swamp:3  | Killed a tentacled monstrosity
 26926 | Swamp:4  | Entered Level 4 of the Swamp
 27704 | Swamp:4  | Reached skill level 15 in Armour
 27963 | Swamp:4  | Identified the amulet "Ypyimepn" {Spirit rF+ rN+ MP+9
                  | Str+4}
 28059 | Swamp:4  | Reached XP level 18. HP: 172/172 MP: 26/26
 28328 | Swamp:4  | Paralysed by a fenstrider witch for 2 turns
 28401 | Swamp:4  | Got a decaying rune of Zot
 28593 | Lair:3   | Killed Nikola
 29386 | Snake:2  | You fall into a shaft and drop 1 floor!
 29458 | Snake:3  | Reached skill level 10 in Dodging
 29583 | Snake:3  | Noticed Mlioglotl
 29597 | Snake:3  | Killed Mlioglotl
 30034 | Snake:2  | Found Popidaju's Assorted Antiques.
 30051 | Snake:2  | Bought a potion of curing for 78 gold pieces
 30082 | Snake:2  | Noticed Aizul
 30090 | Snake:2  | Killed Aizul
 30227 | Snake:2  | Identified the ring "Hoanielo" {Will+ rCorr Int+6}
 31321 | Snake:4  | Entered Level 4 of the Snake Pit
 31521 | Snake:4  | Identified the +10 halberd "Dicuitiuv" {venom, Dex+3}
 31646 | Snake:4  | Reached XP level 19. HP: 177/179 MP: 9/27
 31889 | Snake:4  | Reached skill level 15 in Dodging
 31902 | Snake:4  | Found Geodgh's Armour Shoppe.
 32341 | Snake:4  | Noticed Louise
 32342 | Abyss:3  | Cast into level 3 of the Abyss (Louise)
 32366 | Snake:4  | Escaped the Abyss
 32380 | Snake:4  | Killed Louise
 32606 | Snake:4  | Got a serpentine rune of Zot
 33220 | Elf:1    | Entered Level 1 of the Elven Halls
 33241 | Elf:1    | Paralysed by an air elemental for 1 turns
 33509 | Elf:1    | Reached skill level 15 in Invocations
 33524 | Elf:1    | Reached skill level 1 in Evocations
 33602 | Elf:1    | Identified the +1 robe of Defiance {rN+ rCorr SInv}
 34226 | Elf:2    | Reached skill level 5 in Evocations
 34248 | Elf:2    | Identified the +2 chain mail of Ru's Castigation {Int+2
                  | Stlth+}
 34294 | Elf:2    | Paralysed by an air elemental for 1 turns
 34392 | Elf:2    | Found Xurhel's Weapon Emporium.
 34445 | Elf:2    | Found a huge runed translucent gate.
 34445 | Elf:2    | Found a huge runed translucent gate.
 34445 | Elf:2    | Found a huge runed translucent gate.
 34445 | Elf:2    | Found a huge runed translucent gate.
 34448 | Elf:2    | Found a huge runed translucent gate.
 35107 | Elf:2    | Reached XP level 20. HP: 191/191 MP: 30/30
 35375 | Elf:3    | Entered Level 3 of the Elven Halls
 35375 | Elf:3    | Found Qugi's Jewellery Emporium.
 35375 | Elf:3    | Found Ryodghyzxi's Distillery.
 35655 | Elf:3    | Bought a potion of experience for 650 gold pieces
 35655 | Elf:3    | Bought a potion of curing for 39 gold pieces
 35655 | Elf:3    | Bought a potion of might for 52 gold pieces
 35655 | Elf:3    | Bought a potion of might for 52 gold pieces
 35655 | Elf:3    | Reached XP level 21. HP: 195/202 MP: 31/31
 36026 | Elf:3    | Found Afint's General Store.
 36310 | Elf:3    | Found Ocetuw's Antique Weapon Emporium.
 36540 | Abyss:3  | Cast into level 3 of the Abyss (a deep elf demonologist)
 36978 | Elf:3    | Escaped the Abyss
 37049 | Elf:3    | Identified the +3 leather armour of Fortitude {Dex+6}
 37175 | Elf:3    | Identified the +0 halberd of the Many Places {antimagic,
                  | rPois Int+5 Dex-4 Stlth+}
 37206 | Elf:3    | Identified the +7 great sword of the Brain {freeze, rPois
                  | rC+ Will+ Str+3 Stlth-}
 37206 | Elf:3    | Identified the +3 leather armour of the Desert {rN+ Will+}
 37206 | Elf:3    | Identified the ring "Kieheo" {rN+ EV+5 Dex+2}
 37452 | Elf:3    | Found Kumewk's One-of-a-Kind Books.
 37607 | Elf:3    | Found the +8 Vampire's Tooth {megavamp}
 37618 | Elf:3    | Identified the +2 chain mail of Luvaj {+Inv rElec}
 37626 | Elf:3    | Identified the staff of poison "Kaxtynie" {rPois Dex+3}
 37636 | Elf:3    | Got the Spellbook of Vitriolic Kindling
 37639 | Elf:3    | Identified the +8 chain mail of Luror Ave {Str+4}
 37659 | Elf:3    | Identified the +1 falchion of Ohunt {flame, rC++ Str+2}
 37800 | Elf:3    | Found Ziets's Antique Armour Boutique.
 37806 | Elf:3    | Bought an ichor-stained plate armour for 504 gold pieces
 37806 | Elf:3    | Identified the +3 plate armour of Philately {Rampage rElec}
                  | (You bought it in a shop on level 3 of the Elven Halls)
 38028 | Vaults:1 | Entered Level 1 of the Vaults
 38687 | Vaults:1 | Reached XP level 22. HP: 211/213 MP: 25/33
 38804 | Vaults:1 | Paralysed by a formless jellyfish for 1 turns
 38808 | Vaults:1 | Reached skill level 10 in Evocations
 39298 | Vaults:1 | Acquired a manual of Evocations
 41463 | Vaults:3 | Identified the ring of Conversion {Will+ MP+9 Slay+4}
 41644 | Vaults:3 | Reached skill level 15 in Evocations
 41842 | Vaults:3 | Noticed Frederick
 41851 | Vaults:3 | Killed Frederick
 41999 | Vaults:3 | Identified the +3 ring mail of the Four Moons {-Tele Fly
                  | Will+++ Int+3}
 42340 | Vaults:3 | Found a staircase to the Crypt.
 42877 | Vaults:4 | Reached XP level 23. HP: 216/223 MP: 34/34
 44271 | Depths:1 | Entered Level 1 of the Depths
 44276 | Depths:1 | Got the Writings on Amorphous Vitiation
 44796 | Depths:1 | Got the Precepts of Elliptic Ensorcelling
 45101 | Depths:1 | Found a gateway to Hell.
 45628 | Depths:2 | Noticed an ancient lich
 45641 | Depths:2 | Killed an ancient lich
 45645 | Depths:2 | Identified the +8 halberd of the Forsaken Curses {spect,
                  | rPois Dex+3}
 45861 | Depths:2 | Found a one-way gate leading to the halls of Pandemonium.
 45892 | Depths:2 | Found Laesonus's General Store.
 46197 | Depths:2 | Found a sparkling altar of Nemelex Xobeh.
 46197 | Depths:2 | Noticed Boris
 46208 | Depths:2 | Killed Boris
 46418 | Depths:2 | Identified the +2 mace of Joyful Slaughter {chaos, Int+3}
 46996 | Depths:3 | Noticed Xtahua
 47006 | Depths:3 | Killed Xtahua
 47037 | Depths:3 | Reached XP level 24. HP: 54/243 MP: 5/34
 47369 | Depths:3 | Found a one-way gateway to a ziggurat.
 47697 | Depths:3 | Found a runed translucent door.
 48033 | Depths:3 | Found a runed translucent door.
 48034 | Depths:3 | Found a runed translucent door.
 48199 | Depths:3 | Reached skill level 27 in Fighting
 48312 | Depths:3 | Identified the +7 scale mail of the Gate {Str+3}
 48752 | Depths:4 | Entered Level 4 of the Depths
 48824 | Depths:4 | Found an ornate altar of the Wu Jian Council.
 48885 | Depths:4 | Noticed Jory
 48898 | Depths:4 | Killed Jory
 49014 | Depths:4 | Noticed a juggernaut
 49023 | Depths:4 | Killed a juggernaut
 49548 | Hell     | Entered the Vestibule of Hell
 49548 | Hell     | Noticed Geryon
 49943 | Depths:4 | Found a gate to the Realm of Zot.
 50200 | Vaults:5 | Entered Level 5 of the Vaults
 50391 | Vaults:5 | Reached XP level 25. HP: 246/257 MP: 28/34
 51052 | Vaults:5 | Noticed a dread lich
 51060 | Vaults:5 | Killed a dread lich
 51133 | Vaults:5 | Identified the +4 great sword of the Eggplant {antimagic,
                  | *Corrode rC+ rN+}
 51306 | Vaults:5 | Identified the +7 sling of the Transmuting Gods {freeze,
                  | Fragile Will+ Str+2 Stlth+}
 51331 | Vaults:5 | Identified the staff of conjuration "Ciepre" {Fly rF+ Str+2
                  | Int-2}
 51517 | Vaults:5 | Identified the +3 orcbow of Heproell {flame, rC+}
 51677 | Vaults:5 | Got a silver rune of Zot
 52219 | Zot:1    | Entered Level 1 of the Realm of Zot
 53285 | Zot:1    | Identified the +1 great sword of Geoselloila {antimagic,
                  | rN++ Str+2}
 53285 | Zot:1    | Identified the ring of Qossoiha {rPois SInv}
 53304 | Zot:1    | Noticed a dread lich
 53306 | Zot:1    | Noticed a dread lich
 53307 | Zot:1    | Paralysed by a floating eye for 2 turns
 53313 | Zot:1    | Killed a dread lich
 53313 | Zot:1    | Noticed a dread lich
 53315 | Zot:1    | Noticed a dread lich
 53317 | Zot:1    | Killed a dread lich
 53322 | Zot:1    | Killed a dread lich
 53323 | Zot:1    | Reached skill level 27 in Armour
 53328 | Zot:1    | Killed a dread lich
 53932 | Zot:2    | Noticed a Killer Klown
 53949 | Zot:2    | Killed a Killer Klown
 54461 | Zot:2    | Reached XP level 26. HP: 266/266 MP: 2/34
 55146 | D:6      | Bought a scroll of enchant weapon for 112 gold pieces
 55146 | D:6      | Bought a scroll of enchant armour for 112 gold pieces
 55326 | Swamp:1  | Killed kuniqs's ghost
 55335 | Swamp:1  | Killed skelma's ghost
 55340 | Swamp:1  | Killed Tyszek's ghost
 55345 | Swamp:1  | Killed Qadititt's ghost
 55356 | Swamp:1  | Killed nujazz's ghost
 55717 | Orc:2    | Bought 2 scrolls of enchant armour for 360 gold pieces
 55896 | Elf:3    | Bought a scroll of enchant armour for 120 gold pieces
 56632 | Zot:3    | Noticed an orb of fire
 56645 | Zot:3    | Gained mutation: You are vulnerable to cold. (rC-) [an orb
                  | of fire]
 56654 | Zot:3    | Killed an orb of fire
 58536 | Zot:5    | Entered Level 5 of the Realm of Zot
 58763 | Zot:5    | Noticed an orb of fire
 58768 | Zot:5    | Killed an orb of fire
 58814 | Zot:5    | Noticed an ancient lich
 58969 | Zot:5    | Killed an ancient lich
 59212 | Zot:5    | Noticed an orb of fire
 59218 | Zot:5    | Gained mutation: Potions are less effective at restoring
                  | your health. [an orb of fire]
 59220 | Zot:5    | Gained mutation: You sometimes lose your temper in combat.
                  | [an orb of fire]
 59223 | Zot:5    | Gained mutation: You are dopey. (Int -2) [an orb of fire]
 59231 | Zot:5    | Killed an orb of fire
 59346 | Zot:5    | Lost mutation: You sometimes lose your temper in combat.
                  | [potion of mutation]
 59346 | Zot:5    | Lost mutation: You are vulnerable to cold. (rC-) [potion of
                  | mutation]
 59346 | Zot:5    | Gained mutation: Your flesh is cold resistant. (rC+)
                  | [potion of mutation]
 59346 | Zot:5    | Gained mutation: A frigid envelope surrounds you and
                  | freezes all who hurt you. [potion of mutation]
 59347 | Zot:5    | Lost mutation: You are dopey. (Int -2) [potion of mutation]
 59347 | Zot:5    | Lost mutation: Your flesh is cold resistant. (rC+) [potion
                  | of mutation]
 59347 | Zot:5    | Lost mutation: Potions are less effective at restoring your
                  | health. [potion of mutation]
 59579 | Zot:5    | Noticed an ancient lich
 59583 | Zot:5    | Killed an ancient lich
 59584 | Zot:5    | Noticed an orb of fire
 59586 | Zot:5    | Noticed an ancient lich
 59588 | Zot:5    | Killed an orb of fire
 59590 | Zot:5    | Killed an ancient lich
 59596 | Zot:5    | Noticed an orb of fire
 59599 | Zot:5    | Killed an orb of fire
 59617 | Zot:5    | Noticed an orb of fire
 59618 | Zot:5    | Noticed a dread lich
 59618 | Zot:5    | Noticed an ancient lich
 59619 | Zot:5    | Gained mutation: You occasionally lose the ability to read
                  | scrolls when taking damage. [an orb of fire]
 59620 | Zot:5    | Noticed a dread lich
 59621 | Zot:5    | Noticed an orb of fire
 59626 | Zot:5    | Killed an orb of fire
 59627 | Zot:5    | Reached XP level 27. HP: 210/273 MP: 29/36
 59629 | Zot:5    | Killed an ancient lich
 59630 | Zot:5    | Killed a dread lich
 59635 | Zot:5    | Killed an orb of fire
 59649 | Zot:5    | Killed a dread lich
 59941 | Zot:5    | Noticed an orb of fire
 59947 | Zot:5    | Lost mutation: A frigid envelope surrounds you and freezes
                  | all who hurt you. [an orb of fire]
 59949 | Zot:5    | Killed an orb of fire
 60062 | Zot:5    | Noticed an ancient lich
 60074 | Zot:5    | Killed an ancient lich
 60397 | Zot:5    | Got the Orb of Zot
 60709 | Depths:1 | Noticed a seraph
 60716 | Depths:1 | Killed a seraph
 61234 | D:$      | Escaped with the Orb!

Illustrated notes

Levels and vault maps discovered:
D:1:      onia_arrival_handbag, layout_loops_ring,
          hellmonk_ecumenical_altar_blasted
D:2:      layout_rooms, kennysheep_generic_room_6
D:3:      layout_loops_ring, dk_yredelemnul_ordeal, minivault_23
D:4:      layout_rooms, kennysheep_mini_moat, kennysheep_cross_room,
          kennysheep_diamond, nicolae_kite_square_tiling_tiny, uniq_edmund
D:5:      layout_basic, serial_shops, shop, serial_rivers,
          chequers_serial_rivers_large_b, chequers_serial_rivers_micro_a,
          chequers_serial_rivers_small_a, chequers_serial_rivers_small_a,
          chequers_serial_rivers_micro_c, chequers_serial_rivers_marsh
D:6:      layout_cave_pools, serial_gnoll_camp, gnoll_camp_mini_house,
          gnoll_camp_mini_hut, gnoll_camp_mini_shop, gnoll_camp_mini_shop
D:7:      layout_rooms, mainiacjoe_overflow_concentric_impassable,
          temple_pool_b, serial_co_window_serial, co_window_corner_a,
          co_window_paths_a, co_window_paths_b, co_window_paths_b,
          co_window_paths_b, co_window_broadway_c, co_window_2corner,
          co_window_unsneaky_path_b, co_window_corner_b, co_window_broadway_c,
          co_window_paths_d, glass_columns_c, glass_columns_a, glass_columns_a,
          serial_shops, nicolae_shop_gibbet_a_chance, uniq_pikel
D:8:      layout_basic, enter_bailey_2, uniq_maurice
D:9:      cheibrodos_iron_armory, layout_long_grid, dpeg_lair_monsters
D:10:     erik_rubicon_b, layout_basic, mainiacjoe_overflow_paths, enter_trove_2
D:11:     layout_basic, kennysheep_windowed_goal
D:12:     layout_rooms, zombieorc2_lemuel
D:13:     layout_irregular_city, elyvilon_altar_5, uniq_josephine
D:14:     layout_roguey, grunt_vaults_entry_tiered,
          gammafunk_ghost_fury_of_okawaru
D:15:     grunt_enter_depths_giant_problem, layout_layer_cave, minivault_14
Lair:1:   layout_roguey [special_room_bee], hangedman_lair_unloving_vines,
          uniq_fannar
Lair:2:   gammafunk_indiana_jones, layout_regular_city,
          infiniplex_staircase_pool_2, serial_bayou_shore_a
Lair:3:   layout_chaotic_city, swamp_mist, dummy_snake_entry, worms_lemuel
Lair:4:   layout_concentric_octagons
Lair:5:   hellmonk_lair_end_abyssal_woods, layout_gridlike,
          nicolae_slime_entry_slimehenge
Swamp:1:  layout_basic_swamp, gammafunk_ghost_cemetery,
          evilmike_swamp_ruin_house_3, swamp_pool5
Swamp:2:  layout_basic_swamp, gammafunk_ghost_arena, serial_swamp_ruin,
          evilmike_swamp_ruin_rubble_2, evilmike_swamp_ruin_rubble_1
Swamp:3:  layout_basic_swamp, evilmike_swamp_ruin_house_1, swamp_pool1,
          nicolae_island_escapes
Swamp:4:  nzn_swamp_witches_coven, layout_basic_swamp, nicolae_swamp_spooky_pond
Snake:1:  layout_rooms, grunt_ministairs_2, uniq_nikola
Snake:2:  layout_gridlike, serial_shops, nicolae_shop_tiny_glass,
          abandoned_shop, serial_bayou_pond_c, uniq_aizul
Snake:3:  layout_cave_town, serial_bayou_lagoon_a, statue_in_the_mist_lemuel,
          uniq_mlioglotl
Snake:4:  snake_pit_salamanders_mu, layout_cave_town, serial_shops,
          nicolae_shop_tiny_waterfront, uniq_louise
Orc:1:    layout_diamond_mine, basic_altar, guppyfry_library_mini
Orc:2:    st_orc_elflike, layout_caves, minmay_shop_enchanted_jewellery,
          okawaru_metal_pillars_1_2
Elf:1:    nicolae_elf_arrival_aired_out, layout_gridlike,
          hangedman_elven_crosses_minicolossus
Elf:2:    elven_hall_of_blades_hangedman_alternative
          [infiniplex_blade_entry_pillars], layout_gridlike, serial_shops,
          nicolae_shop_bloodbath_and_beyond, nicolae_elf_variegated_diamond
Elf:3:    minmay_elf_hall_circle, layout_geoelf_diagonals, serial_shops, shop,
          nicolae_shop_crystal, shop, shop, shop, nicolae_rare_books,
          lemuel_flamethrower_3
Vaults:1: nicolae_vaults_more_shelving_2, nicolae_vaults_corridor_and_loot_room,
          v_pattern_5, nicolae_vaults_storage_closets_1,
          nicolae_vaults_storage_room_glass, v_rooms_1,
          grunt_vaults_hallway_short, nicolae_vaults_two_Ls, v_misc_16,
          nicolae_vaults_mini_display_case, nicolae_vaults_gold_heap,
          layout_vaults_omnicross
Vaults:2: nicolae_vaults_shrinking_rooms_2, nicolae_vaults_wrenched,
          vaults_mumra_lcd, grunt_vaults_focal, nicolae_vaults_mitosis,
          nicolae_vaults_what_the_h, dpeg_vaults_monster_box, vaults_dpeg_ring,
          nicolae_vaults_house_1, nicolae_vaults_alarming,
          layout_vaults_quadrants
Vaults:3: v_rooms_4, vaults_room_octagon, nicolae_vaults_loss_of_containment,
          minmay_crypt_entry_nasty_monster, v_misc_8, hangedman_vaults_capsules,
          vaults_room_fancy_cross, v_misc_9, nicolae_vaults_surprise_closet,
          hangedman_vaults_stretched_pinwheel, nicolae_vaults_house_2,
          ontoclasm_vaults_ring_small, grunt_vaults_funnel, v_rooms_4,
          vaults_room_fancy_cross, layout_vaults_maze_snakey, uniq_frederick
Vaults:4: nicolae_vaults_security_offices_4,
          nicolae_vaults_door_testing_chamber, nicolae_vaults_disjoint_gnomons,
          nicolae_vaults_spaceships, grunt_vaults_bifocal,
          nicolae_vaults_tangram_1, nicolae_vaults_windows_and_doors_thing,
          nicolae_vaults_ring_of_whatevers, vaults_mumra_minichess,
          nicolae_vaults_closet_pinwheel_6, nicolae_vaults_double_plus_3,
          nicolae_vaults_little_squares_6, layout_vaults_omnibox
Vaults:5: serial_shops
Depths:1: layout_cave_shapes, grunt_hell_entry_dis_grunt, abyss_entry,
          serial_sigils_hangedman_clutch, kilobyte_rumbling_trees
Depths:2: minmay_mutant_horseshoe, layout_cave_shapes,
          nemelex_lonely_heart_becter, abyss_entry, rand_demon_pan_entry_5,
          serial_shops, nicolae_shop_tiny_statue_garden,
          pf_vacation_house_of_asmodeus, nzn_random_ring
Depths:3: minmay_the_grid_triangle_9x9_recursive_3
          [minmay_the_grid_triangle_9x9_descending_squares,
          minmay_the_grid_triangle_9x9_tough_junction,
          minmay_the_grid_triangle_9x9_from_above,
          minmay_the_grid_triangle_9x9_prize_insulated,
          minmay_the_grid_triangle_9x9_warning,
          minmay_the_grid_triangle_9x9_zippers_horizontal,
          minmay_the_grid_triangle_9x9_windchime,
          minmay_the_grid_triangle_9x9_dagger,
          minmay_the_grid_triangle_9x9_subtriangle], layout_long_grid,
          enter_ziggurat_c, hell_entry, abyss_entry, minmay_misc_feat_tower,
          uniq_xtahua
Depths:4: grunt_zot_entry_alcove, layout_cave_pools, abyss_entry,
          nzn_wu_jian_council_hall, hell_entry, uniq_jory
Hell
Zot:1:    hellmonk_paralyzer, layout_concentric_octagons, drop_trap,
          lemuel_baited_zot_trap, grunt_megastairs_5
Zot:2:    layout_misc_corridors
Zot:3:    layout_misc_corridors
Zot:4:    layout_cathedral_of_symmetry, grunt_megastairs_1
Zot:5:    layout_gridville

Skill      XL: |  1  2  3  4  5  6  7  8  9 10 11 12 13 14 15 16 17 18 19 20 21 22 23 24 25 26 27 |
---------------+----------------------------------------------------------------------------------+-----
Long Blades    | 4 5 7 8 9 10 12 14 15 17 19 22 | 22.0
Fighting       | 7 8 10 12 15 17 18 19 20 21 22 25 27 | 27.0
Armour         | 4 6 10 13 16 18 20 23 27 | 27.0
Invocations    | 3 5 6 8 10 12 15 17 20 22 | 22.0
Dodging        | 8 9 14 15 19 21 | 21.1
Polearms       | 10 11 | 11.0
Evocations     | 5 9 15 17 | 17.0

Action                     |  1- 3 |  4- 6 |  7- 9 | 10-12 | 13-15 | 16-18 | 19-21 | 22-24 | 25-27 || total
---------------------------+-------+-------+-------+-------+-------+-------+-------+-------+-------++-------
  Melee: Falchion          |    80 |     4 |       |   446 |       |       |       |       |       ||   530
         Headbutt          |    13 |    16 |    99 |   218 |   117 |   380 |   281 |   531 |   449 ||  2104
         Dagger            |       |    85 |   212 |       |       |       |       |       |       ||   297
         Short sword       |       |       |   116 |    85 |    23 |       |       |       |       ||   224
         Halberd           |       |       |       |   139 |   392 |       |       |       |       ||   531
         Great sword       |       |       |       |     9 |       |   262 |       |       |       ||   271
         Scimitar          |       |       |       |       |    72 |   182 |       |       |       ||   254
         Triple sword      |       |       |       |       |       |  1027 |  1062 |  1470 |  1113 ||  4672
 Invoke: Line Pass         |       |       |       |     2 |       |       |       |     1 |       ||     3
         Stomp             |       |       |       |     3 |     4 |    25 |    14 |    17 |    24 ||    87
         Grand Finale      |       |       |       |       |       |       |       |     2 |     4 ||     6
  Evoke: Wand              |       |       |     3 |    14 |     2 |     1 |       |       |     1 ||    21
         Lightning rod     |       |       |       |       |     2 |     7 |       |       |     1 ||    10
         Phantom mirror    |       |       |       |       |       |     1 |       |       |     1 ||     2
    Use: Scroll            |     2 |     4 |     2 |     9 |    11 |    17 |     1 |     5 |    11 ||    62
         Potion            |       |     2 |       |     8 |     3 |    10 |     3 |     4 |     8 ||    38
   Stab: Paralysed         |       |     3 |    18 |    56 |    30 |   109 |   103 |   203 |   117 ||   639
         Invisible         |       |       |     1 |       |     3 |       |       |       |     2 ||     6
         Confused          |       |       |       |     1 |       |       |       |       |       ||     1
         Petrified         |       |       |       |       |     4 |       |       |       |       ||     4
         Distracted        |       |       |       |       |       |     1 |     1 |       |       ||     2
 Armour: Scale mail        |    28 |    42 |    17 |       |       |       |       |       |       ||    87
         Chain mail        |       |       |   136 |   266 |   176 |   239 |       |       |       ||   817
         Gold dragon scale |       |       |       |       |       |   959 |   616 |   898 |   796 ||  3269
  Dodge: Dodged            |    47 |    39 |   119 |   282 |   205 |   757 |   431 |   820 |   571 ||  3271
  Block: Orb               |       |       |    21 |    97 |       |       |       |       |       ||   118
         Reflection        |       |       |     3 |     2 |     1 |       |       |       |       ||     6
         Other             |       |       |       |    33 |    51 |       |       |       |       ||    84

Table legend: (Time is in decaauts)
 A = Elapsed time spent in this place.
 B = Non-inter-level travel time spent in this place.
 C = Inter-level travel time spent in this place.
 D = Time resting spent in this place.
 E = Time spent auto-exploring this place.
 F = Levels seen in this place.
 G = Mean time per level.
                   A        B        C        D        E       F      G
               +--------+--------+--------+--------+--------+-----+--------+
         Total |  60039 |  55005 |   5034 |  10579 |  31502 |  50 | 1200.8 |
       Dungeon |  15819 |  13907 |   1912 |   1611 |   9209 |  15 | 1054.6 |
          Lair |   8783 |   8177 |    606 |   2998 |   3731 |   5 | 1756.6 |
         Swamp |   4203 |   3958 |    245 |    823 |   1771 |   4 | 1050.8 |
     Snake Pit |   3949 |   3815 |    134 |    224 |   2371 |   4 |  987.2 |
  Orcish Mines |   2057 |   1481 |    576 |    200 |    863 |   2 | 1028.5 |
   Elven Halls |   4239 |   3906 |    333 |   1136 |   1768 |   3 | 1413.0 |
        Vaults |   7728 |   7342 |    386 |    429 |   5008 |   5 | 1545.6 |
        Depths |   6014 |   5467 |    547 |   1042 |   3391 |   4 | 1503.5 |
          Hell |      1 |      1 |      0 |      0 |      0 |   1 |    1.0 |
           Zot |   6808 |   6515 |    293 |   1938 |   3360 |   5 | 1361.6 |
         Abyss |    432 |    432 |      0 |    175 |     27 |   2 |  216.0 |
               +--------+--------+--------+--------+--------+-----+--------+

Top non-repeatable levels by time:
  Lair:5: 2295 daAuts
Depths:3: 1999 daAuts
  Lair:4: 1908 daAuts
  Lair:3: 1869 daAuts
   Zot:5: 1835 daAuts
Depths:2: 1806 daAuts
   Zot:1: 1711 daAuts
Vaults:5: 1705 daAuts
   Elf:2: 1699 daAuts
     D:7: 1643 daAuts
Vaults:1: 1623 daAuts
 Swamp:4: 1591 daAuts
    D:11: 1556 daAuts
   Elf:3: 1552 daAuts
   Orc:2: 1537 daAuts
